 Dungeon Crawl Stone Soup version 0.30-a0-715-gdb4ae3ece1 (webtiles) character file.

Game seed: 460986838632845231

467 mopl the Shooter (level 7, -4/43 HPs)
             Began as an Octopode Hexslinger on Jan 23, 2023.
             Killed from afar by an orc wizard (8 damage)
             ... with a magic dart
             ... on level 4 of the Dungeon.
             The game lasted 00:07:08 (4148 turns).

mopl the Shooter (Octopode Hexslinger)              Turns: 4148, Time: 00:07:09

Health: -4/43      AC:  1    Str:  9    XL:     7   Next: 8%
Magic:  10/10      EV: 13    Int: 16    God:
Gold:   88         SH:  0    Dex: 14    Spells: 6/10 levels left

rFire   + . .      SeeInvis .    b - +4 dagger
rCold   + . .      Faith    .    (no shield)
rNeg    . . .      Spirit   .    (helmet restricted)
rPois   .          Reflect  .    (no amulet)
rElec   .          Harm     .    e - ring of protection from fire
rCorr   .          Rampage  .    i - ring of protection from cold
Will    .....                    (no ring)
Stlth   ++                       (no ring)
HPRegen 0.27/turn                (no ring)
MPRegen 0.12/turn                (no ring)
                                 (no ring)
                                 (no ring)

@: no status effects
A: almost no armour, amphibious, 8 rings, camouflage 1, gelatinous body 1,
(nimble swimmer 1), tentacles
a: no special abilities


You were on level 4 of the Dungeon.
You visited 2 branches of the dungeon, and saw 5 of its levels.

You collected 264 gold pieces.
You spent 176 gold pieces at shops.

Inventory:

Hand Weapons
 a - a +2 sling of freezing
 b - a +4 dagger (weapon)
Missiles
 p - 4 boomerangs
 t - 5 javelins
 v - 11 poisoned darts
Jewellery
 e - a ring of protection from fire (left tentacle)
 g - a ring of ice
 i - a ring of protection from cold (right tentacle)
Wands
 f - a wand of flame (19)
 x - a wand of iceblast (6)
Scrolls
 m - a scroll of brand weapon {unknown}
 n - a scroll of fog {unknown}
 o - a scroll of blinking {unknown}
 q - a scroll of fear {unknown}
 r - 3 scrolls of enchant weapon {unknown}
 u - a scroll of poison
Potions
 c - a potion of might
 d - a potion of resistance
 h - a potion of magic {unknown}
 j - a potion of heal wounds
 k - 2 potions of degeneration {unknown}
 l - a potion of mutation {!q}
 s - a potion of cancellation {unknown}
 w - a potion of berserk rage {unknown}


   Skills:
 - Level 1.0 Fighting
 * Level 5.9 Ranged Weapons
 - Level 2.0 Dodging
 - Level 2.0 Spellcasting
 + Level 4.9 Hexes


You had 6 spell levels left.
You knew the following spells:

 Your Spells              Type           Power      Damage    Failure   Level
a - Slow                  Hex            68%        N/A       2%          1
d - Tukima's Dance        Hex            17%        N/A       9%          3

Your spell library contained the following spells:

 Spells                   Type           Power      Damage    Failure   Level
 Sting                    Tmut/Pois      4%         1d3       21%         1
 Inner Flame              Hex/Fire       9%         N/A       22%         3
 Portal Projectile        Hex/Tloc       18%        N/A       22%         3
 Cause Fear               Hex            8%         N/A       26%         4
 Poisonous Vapours        Pois/Air       2%         N/A       30%         2
 Olgreb's Toxic Radiance  Pois           1%         N/A       90%         4
 Blade Hands              Tmut           0%         N/A       99%         5
 Discord                  Hex            8%         N/A       100%        8


Dungeon Overview and Level Annotations

Branches:
Dungeon (4/15)             Temple (1/1) D:4

Altars:
Dithmenos
Elyvilon
Kikubaaqudgha
Nemelex Xobeh
Qazlal
Ru
Trog
Uskayaw
Vehumet
Yredelemnul
The Shining One

Shops:
D:4 ==[(


Innate Abilities, Weirdness & Mutations

You cannot wear most types of armour.
You are amphibious.
You can wear up to eight rings at the same time.
Your skin changes colour to match your surroundings (Stealth+).
Your rubbery body absorbs attacks. (AC +1, EV +1)
((You are camouflaged when in or above water. (Stealth+)))
You have tentacles for arms and can constrict up to eight enemies at once.


Message History

The sling bullet freezes the orc wizard.
You kill the orc wizard!
You hear some strange, mumbled words.
A magic dart appears from out of thin air!
The magic dart hits you!
You shoot a sling bullet. The sling bullet hits the orc.
The sling bullet freezes the orc.
The orc is heavily wounded.
Something hits you.
You shoot a sling bullet. The sling bullet hits the orc.
The sling bullet freezes the orc.
You kill the orc!
Something hits you.
No target in view!
No target in view!
No target in view!
No target in view!
Your +2 sling of freezing stops glowing.
b - a +4 dagger (weapon)
Something hits you.
You miss something. Your squeeze misses something. Something hits you.
You closely miss something. Your squeeze misses something. Something hits you.
You miss something. You squeeze something. Something hits you.
You hit something. Your squeeze misses something.
Something hits you but does no damage.
You hit something.
You hear some strange, mumbled words.
A magic dart appears from out of thin air!
The magic dart hits you!
* * * LOW HITPOINT WARNING * * *
You barely miss something. Your squeeze misses something. Something hits you.
* * * LOW HITPOINT WARNING * * *
Aiming: Throw Flame
Press: ? - help, Shift-Dir - straight line The puff of flame hits something.
Something hits you.
* * * LOW HITPOINT WARNING * * *
Okay, then.
A magic dart appears from out of thin air!
The magic dart hits you!
You die...

#..##.# #....# #....#
# #....# #. #.)..#
#.###.#)# ###[..(.#{#
#.......#.##########
#.##....@.##.......#
#.##.##.####.#####.#
#........# #.# #.####
###.###..###.# #....#
#..........########.#
##########....#####.#
# #...........†.#.# #
#.#######.###.#.# #
#.#.....#...#...# #


There were no monsters in sight!

Vanquished Creatures
  An orc priest (D:4)
  2 jellies
  Jessica (D:2)
  An iguana (D:4)
  An orc wizard (D:4)
  Robin (D:2)
  7 adders
  2 worms (D:4)
  3 orcs
  5 endoplasms
  4 giant cockroaches
  10 goblins
  11 hobgoblins
  3 jackals (D:3)
  A quokka (D:2)
  3 ball pythons
  8 bats
  4 frilled lizards (D:1)
  7 kobolds
  6 rats
81 creatures vanquished.

Vanquished Creatures (collateral kills)
  Sigmund (D:2)
1 creature vanquished.

Grand Total: 82 creatures vanquished

Notes
Turn   | Place    | Note
-------+----------+-------------------------------------------
     0 | D:1      | mopl the Octopode Hexslinger began the quest for the Orb.
     0 | D:1      | Reached XP level 1. HP: 13/13 MP: 2/2
   132 | D:1      | Reached XP level 2. HP: 13/18 MP: 3/3
   534 | D:2      | Reached XP level 3. HP: 23/23 MP: 5/5
   676 | D:2      | Noticed Sigmund
   854 | D:3      | Reached skill level 3 in Ranged Weapons
   920 | D:3      | Reached XP level 4. HP: 28/28 MP: 6/6
  1019 | D:3      | Found a white marble altar of Elyvilon.
  1176 | D:3      | Reached skill level 2 in Spellcasting
  1348 | D:3      | Noticed a +0 dagger
  1349 | D:3      | Noticed a +0 hand axe
  1351 | D:3      | Found a hide-covered altar of Uskayaw.
  2194 | D:2      | Noticed Robin
  2240 | D:3      | Reached XP level 5. HP: 8/33 MP: 8/8
  2621 | D:3      | Learned a level 3 spell: Tukima's Dance
  2734 | D:2      | Noticed Jessica
  2749 | D:2      | Killed Jessica
  2750 | D:2      | Reached skill level 4 in Ranged Weapons
  2750 | D:2      | Reached skill level 4 in Hexes
  2934 | D:2      | Killed Sigmund
  2935 | D:2      | Reached skill level 5 in Ranged Weapons
  2935 | D:2      | Reached XP level 6. HP: 24/38 MP: 2/9
  3068 | D:2      | Killed Robin
  3498 | D:4      | Found a staircase to the Ecumenical Temple.
  3504 | Temple   | Entered the Ecumenical Temple
  3504 | Temple   | Found a transporter.
  3504 | Temple   | Found a transporter.
  3506 | Temple   | Found a transporter.
  3506 | Temple   | Found a transporter.
  3762 | D:4      | Found Cany's Weapon Shoppe.
  3765 | D:4      | Bought a +2 sling of freezing for 176 gold pieces
  3783 | D:4      | Found Areaschiu's Antique Armour Shoppe.
  3833 | D:4      | Found Mupicosk's Jewellery Boutique.
  4089 | D:4      | Reached XP level 7. HP: 34/43 MP: 10/10
  4089 | D:4      | Found Neustrot's Jewellery Shop.
  4148 | D:4      | Killed from afar by an orc wizard

Illustrated notes

Levels and vault maps discovered:
D:1:      enne_arrival_octagon_isle, layout_rooms
D:2:      layout_basic, uniq_sigmund, uniq_jessica, uniq_robin
D:3:      layout_loops_corners, dancing_weapons_uskayaw, lemuel_crystal_altar,
          minmay_misc_feat_plants, minmay_misc_feat_ornament, minmay_quantized
D:4:      layout_basic, minmay_temple_entry_drinking_statues, serial_shops,
          nicolae_square_shop, nicolae_shop_trees, shop, nicolae_shop_crystal
Temple:   hellmonk_temple_divided_pantheon

Skill      XL: |  1  2  3  4  5 |
---------------+----------------+-----
Ranged Weapons | 3 5 |  5.9
Spellcasting   | 2 |  2.0
Hexes          | 4 |  4.9
Fighting       | |  1.0
Dodging        | |  2.0

Action                     |  1- 3 |  4- 6 |  7- 9 || total
---------------------------+-------+-------+-------++-------
  Melee: Unarmed           |       |     5 |       ||     5
         Constrict         |       |     2 |       ||     2
         Tentacles         |       |     1 |     1 ||     2
         Dagger            |       |       |     6 ||     6
   Fire: Sling             |   109 |   177 |    10 ||   296
   Cast: Slow              |    10 |     2 |       ||    12
         Tukima's Dance    |       |     2 |       ||     2
  Evoke: Wand              |       |     1 |     1 ||     2
    Use: Potion            |       |     1 |       ||     1
         Scroll            |       |     4 |       ||     4
 Armour: Skin              |     7 |     9 |     1 ||    17
  Dodge: Dodged            |    36 |    87 |       ||   123

Table legend: (Time is in decaauts)
 A = Elapsed time spent in this place.
 B = Non-inter-level travel time spent in this place.
 C = Inter-level travel time spent in this place.
 D = Time resting spent in this place.
 E = Time spent auto-exploring this place.
 F = Levels seen in this place.
 G = Mean time per level.
                   A        B        C        D        E       F      G
               +--------+--------+--------+--------+--------+-----+--------+
         Total |   4210 |   3983 |    227 |   1031 |   2169 |   5 |  842.0 |
       Dungeon |   4173 |   3947 |    226 |   1031 |   2169 |   4 | 1043.2 |
        Temple |     37 |     37 |      0 |      0 |      0 |   1 |   37.0 |
               +--------+--------+--------+--------+--------+-----+--------+

Top non-repeatable levels by time:
     D:3: 1606 daAuts
     D:2: 1064 daAuts
     D:4: 986 daAuts
     D:1: 516 daAuts
  Temple: 37 daAuts
